wizbiz, neutral female human Wizard -------------- |............| +........{...| |.......<....| .............| -----%-------- ##%## # [# --.-- |..@.## |..)| |...| |...| ----- wizbiz the Thaumaturge Experience level: 6 Strength: 11 Dexterity: 8 Constitution: 16 Intelligence: 18 Wisdom: 14 Charisma: 9 Health: 0(53) Energy: 4(49) Def: 3 Gold: 762 Moves: 2683 Dungeon seed: M1gdhI23uSnLLvcm Game ID: wizbiz_1532198557 Your Inventory: Coins $ - 762 gold pieces Weapons w - a blessed +1 quarterstaff (weapon in hands) M - a +0 orcish dagger Armor e - an uncursed +0 cloak of magic resistance (being worn) N - an uncursed +1 orcish helm (being worn) Comestibles o - an uncursed slime mold q - an uncursed fortune cookie D - a cursed tin of yellow mold E - 2 uncursed food rations Scrolls i - an uncursed scroll of light j - 2 uncursed scrolls of identify u - an uncursed scroll of identify C - a blessed scroll of light I - an uncursed scroll of teleportation J - 2 blessed scrolls of identify Spellbooks a - an uncursed spellbook of sleep k - a blessed spellbook of force bolt l - an uncursed spellbook of healing s - an uncursed spellbook of teleport away v - an uncursed spellbook of cause fear K - an uncursed spellbook of sleep Potions f - an uncursed potion of paralysis g - an uncursed potion of fruit juice h - an uncursed potion of water t - a blessed potion of restore ability x - 2 uncursed potions of object detection z - an uncursed potion of extra healing L - an uncursed potion of hallucination Rings c - an uncursed ring of see invisible (on right hand) d - an uncursed ring of slow digestion (on left hand) H - a cursed ring of warning Wands b - a wand of polymorph (0:6) p - a wand of cold (0:4) Tools m - a magic marker (0:72) n - an uncursed blindfold r - an uncursed tin whistle F - an uncursed blindfold Gems y - 2 uncursed worthless pieces of red glass Y - an uncursed amber stone Spells and supernatural/magical abilities: Name Level Category Fail Memory a - force bolt 1 attack 0% 87% c - cause fear 3 enchantment 1% 93% h - healing 1 healing 0% 87% t - teleport away 6 escape 100% 91% z - sleep 1 enchantment 0% 93% W - pray for help -- divine ? -- Your skills at the end: Fighting Skills Weapon Skills quarterstaff [Basic] Spellcasting Skills attack spells [Basic] enchantment spells [Basic] Final Attributes: You were piously aligned. You were magic-protected. You saw invisible. You were telepathic. You had slower digestion. You were unlucky. You are dead. Vanquished creatures: a small mimic a wolf a leprechaun a shrieker a gnome lord 3 gnomish wizards a gray ooze a little dog 3 floating eyes a kobold lord 8 hill orcs 2 iguanas a hobbit 4 hobgoblins a giant rat a brown mold a yellow mold 3 gnomes 2 garter snakes a gecko 2 jackals a fox 2 goblins 6 sewer rats 5 grid bugs a bat 4 lichens 9 newts 68 creatures vanquished. Voluntary challenges: You were an atheist. You used a wielded weapon 32 times, starting on turn 197. You read items or engraved 43 times, starting on turn 686. You never genocided any monsters. You never polymorphed an object. You never changed form. You used no wishes. You never split a pudding. You never wrote Elbereth's name. You violated your moral code, losing 28 points of alignment, starting on turn 1901. Dungeon overview: The Dungeons of Doom: levels 1 to 6 Level 1 a long staircase Level 2 stairs to The Gnomish Mines Level 3 a general store, some fountains Level 4 a fountain Level 5 a sink Level 6 <- You were here a fountain The Gnomish Mines: Level 3 stairs to The Dungeons of Doom History has recorded: On T:1 you entered the Dungeons of Doom to retrieve the Amulet of Yendor! On T:342 you reached level 2 of The Dungeons of Doom. On T:551 you reached level 1 of The Gnomish Mines. On T:644 you advanced to experience level 2. On T:725 you reached level 3 of The Dungeons of Doom. On T:999 you advanced to experience level 3. On T:1273 you advanced to experience level 4. On T:1388 you reached level 4 of The Dungeons of Doom. On T:1712 you reached level 5 of The Dungeons of Doom. On T:1792 you advanced to experience level 5. On T:2574 you reached level 6 of The Dungeons of Doom. On T:2660 you advanced to experience level 6. Score breakdown: Gold: 762 ( 9805 points) Experience: 6 levels (12456 points) Exploration: 6 levels ( 12.00%) ( 9583 points) Discoveries: 7 items ( 2.43%) ( 4677 points) Valuables value: (no points given unless you survive) Artifact value: 0 ( 0 points) Variety of kills: 28 monsters ( 7.35%) ( 8132 points) Turncount: 2683 turns ( -434 points) Survival: died (score multiplied by 80%) Total score: 35375 Latest messages: You kill the hobgoblin! The spell misses the bugbear. You miss the bugbear. The bugbear hits! You see here an iron skull cap. You hit the bugbear! The kitten misses the bugbear. The bugbear hits! The kitten misses the bugbear. You hear some noises. You hear a bugbear reading a scroll labeled VE FORBRYDERNE. (You can name a scroll labeled VE FORBRYDERNE from the item naming menu.) You miss the wolf. The wolf bites! You hit the wolf! The wolf bites! You don't have enough energy to cast that spell. You kill the wolf! The bolt of cold bounces! The bolt of cold hits you! You die... Final status: Goodbye wizbiz the Wizard, killed by a bolt of cold... You died in The Dungeons of Doom on dungeon level 6 with 35375 points, and 762 pieces of gold, after 2683 moves. You were level 6 with a maximum of 53 hit points when you died.